 Dungeon Crawl Stone Soup version 0.31-a0-208-gdb31a4691d (webtiles) character file.

Game seed: 11812803884016498589

48 promet the Poker (level 3, -2/24 HPs)
             Began as a Merfolk Wanderer on June 28, 2023.
             Slain by a gnoll
             ... wielding a +0 mace
              (3 damage)
             ... on level 2 of the Dungeon.
             The game lasted 00:04:53 (1332 turns).

promet the Poker (Merfolk Wanderer)                 Turns: 1332, Time: 00:04:53

Health: -2/24      AC:  3    Str:  9    XL:     3   Next: 72%
Magic:  4/4        EV: 13    Int: 13    God:
Gold:   33         SH:  0    Dex: 16    Spells: 3/4 levels left

rFire   . . .        a - +2 spear
rCold   . . .        (no shield)
rNeg    . . .        d - +0 robe
rPois   .            (no helmet)
rElec   .            (no cloak)
rCorr   .            (no gloves)
SInv    .            b - +0 pair of boots
Will    .....        (no amulet)
Stlth   ++           (no ring)
HPRegen 0.24/turn    (no ring)
MPRegen 0.09/turn

%: no passive effects
@: hasted, very quick
A: (nimble swimmer 2), mertail
a: no special abilities


You were on level 2 of the Dungeon.
You visited 1 branch of the dungeon, and saw 2 of its levels.

You collected 33 gold pieces.

Inventory:

Hand Weapons
 a - a +2 spear (weapon)
 e - a +0 dagger of speed
 f - a +1 whip of electrocution
Missiles
 i - 6 boomerangs
 m - 14 stones
Armour
 b - a +0 pair of boots (worn)
 d - a +0 robe (worn)
Jewellery
 g - an amulet of faith
Scrolls
 h - a scroll of identify
 j - 2 scrolls of teleportation
 l - a scroll of fog


   Skills:
 + Level 0.2 Fighting
 + Level 7.8 Polearms
 + Level 2.8 Dodging
 + Level 1.1 Stealth
 + Level 1.0 Spellcasting
 + Level 1.0 Translocations
 + Level 1.0 Invocations


You had 3 spell levels left.
You knew the following spells:

 Your Spells              Type           Power      Damage    Failure   Level
a - Apportation           Tloc           6%         N/A       19%         1

Your spell library contained the following spells:

 Spells                   Type           Power      Damage    Failure   Level
 Sting                    Tmut/Pois      0%         1d3       28%         1
 Poisonous Vapours        Pois/Air       0%         N/A       38%         2
 Vhi's Electric Charge    Tloc/Air       2%         N/A       56%         3
 Olgreb's Toxic Radiance  Pois           0%         N/A       95%         4


Dungeon Overview and Level Annotations

Branches:
Dungeon (2/15)

Altars:
Fedhas


Innate Abilities, Weirdness & Mutations

((You are very nimble when in or above water. (Stealth+, EV+, Speed+++)))
Your lower body shifts to a powerful aquatic tail in water.


Message History

A gnoll is nearby!
A gnoll is nearby!
Things that are here:
a +0 short sword; 4 stones; a kobold corpse
m - 11 stones (gained 4)
Things that are here:
a +0 club; a kobold corpse
There is a stone staircase leading up here.
An endoplasm comes into view.
You reach to attack!
The endoplasm quivers.
You puncture the endoplasm!
You kill the endoplasm!
m - 14 stones (gained 3)
A kobold comes into view. It is wielding a +0 dagger.
The kobold moves out of view.
A gnoll comes into view. It is wielding a +0 mace.
The gnoll shouts!
An endoplasm comes into view.
The endoplasm quivers.
Things that are here:
a +0 club; a goblin corpse
Things that are here:
a +0 short sword; 4 stones; a kobold corpse You reach to attack!
You closely miss the gnoll. You barely miss the gnoll.
The gnoll hits you with a +0 mace!
You closely miss the gnoll. You hit the gnoll.
The gnoll is lightly wounded.
The gnoll hits you with a +0 mace.
You barely miss the gnoll.
The gnoll is lightly wounded.
The endoplasm freezes you.
You are frozen.
* * * LOW HITPOINT WARNING * * *
The gnoll hits you with a +0 mace.
* * * LOW HITPOINT WARNING * * *
You feel yourself speed up. The endoplasm closely misses you.
The gnoll hits you with a +0 mace.
You die...

....... ##.#
.......####..#########
.....................#
.........##..........####
......J..##..............
.........##..........#### .
#................# #
.####.##.##J...........# #
....#.##gg@.##.........####
......#..#####.............
.........### #.............
........#g..##..#.####..._..
...............##.# ##.....
...........#.####.# #.....
..........##...##.### ######
..........####......########
..........# ####.#..#.....#


You could see 2 gnolls and an endoplasm.

Vanquished Creatures
  2 adders (D:2)
  4 ball pythons
  3 endoplasms
  2 giant cockroaches (D:2)
  3 goblins
  4 hobgoblins (D:1)
  4 kobolds
  A quokka (D:1)
  2 bats (D:1)
  2 frilled lizards
27 creatures vanquished.

Notes
Turn   | Place    | Note
-------+----------+-------------------------------------------
     0 | D:1      | promet the Merfolk Wanderer began the quest for the Orb.
     0 | D:1      | promet set off with the following items: a +2 spear, a +0
                  | pair of boots, a potion of haste, a +0 robe; and the
                  | following spell memorised: Apportation; and the following
                  | spells available to memorise: Vhi's Electric Charge.
     0 | D:1      | Reached XP level 1. HP: 13/13 MP: 2/2
   339 | D:1      | Reached skill level 7 in Polearms
   339 | D:1      | Reached XP level 2. HP: 19/19 MP: 3/3
   818 | D:2      | Reached XP level 3. HP: 16/24 MP: 4/4
  1087 | D:2      | Found a blossoming altar of Fedhas.
  1189 | D:2      | Reached skill level 1 in Stealth
  1331 | D:2      | HP: 1/24 [gnoll/+0 mace (5)]
  1332 | D:2      | Slain by a gnoll

Illustrated notes

Levels and vault maps discovered:
D:1:      psy_arrival_radial01, layout_basic
D:2:      layout_rooms, basic_altar

Skill      XL: |  1  2  3 |
---------------+----------+-----
Polearms       | 7 |  7.8
Stealth        | 1 |  1.1
Fighting       | |  0.2
Dodging        | |  2.8
Spellcasting   | |  1.0
Translocations | |  1.0
Invocations    | |  1.0

Action                     || total
---------------------------++-------
  Melee: Spear             ||    89
         Punch             ||     1
    Use: Scroll            ||     3
         Potion            ||     1
   Stab: Sleeping          ||     2
 Armour: Robe              ||    15
  Dodge: Dodged            ||    35

Table legend: (Time is in decaauts)
 A = Elapsed time spent in this place.
 B = Non-inter-level travel time spent in this place.
 C = Inter-level travel time spent in this place.
 D = Time resting spent in this place.
 E = Time spent auto-exploring this place.
 F = Levels seen in this place.
 G = Mean time per level.
                   A        B        C        D        E       F      G
               +--------+--------+--------+--------+--------+-----+--------+
         Total |   1308 |   1257 |     51 |    127 |    598 |   2 |  654.0 |
       Dungeon |   1308 |   1257 |     51 |    127 |    598 |   2 |  654.0 |
               +--------+--------+--------+--------+--------+-----+--------+

Top non-repeatable levels by time:
     D:1: 847 daAuts
     D:2: 461 daAuts
